 Dungeon Crawl Stone Soup version 0.24-a0-446-g87df7205b4 (webtiles) character file.

Game seed: 15008592576160689386

109 theanonym the Cudgeler (level 4, -4/35 HPs)
             Began as a Mummy Warper on June 24, 2019.
             Slain by a river rat (6 damage)
             ... in a sewer.
             The game lasted 00:02:34 (1417 turns).

theanonym the Cudgeler (Mummy Warper)               Turns: 1417, Time: 00:02:35

Health: -4/35      AC:  8    Str: 15    XL:     4   Next: 60%
Magic:  8/8        EV:  6    Int: 15    God:
Gold:   131        SH:  0    Dex: 11    Spells: 8/8 levels left

rFire    . . .     SeeInvis .   b - +0 mace
rCold    + + .     Gourm    .   (no shield)
rNeg     + + +     Faith    .   c - +0 chain mail
rPois    ∞         Spirit   .   (no helmet)
rElec    .         Reflect  .   k - scarf {rC+ rF+}
rCorr    .         Harm     .   (no gloves)
MR       .....                  (no boots)
Stlth    ..........             (no amulet)
HPRegen  0.11/turn              d - +3 ring of intelligence
MPRegen  0.11/turn              (no ring)

@: no status effects
A: no food or potions, fire vulnerability, cold resistance 1, negative energy
resistance 3, torment resistance, unbreathing
a: no special abilities


Innate Abilities, Weirdness & Mutations

You do not eat or drink.
Your flesh is vulnerable to fire.
You are immune to poison.
Your flesh is cold resistant. (rC+)
You are immune to negative energy. (rN+++)
You are immune to unholy pain and torment.
You can survive without breathing.


   Skills:
 + Level 3.1 Fighting
 * Level 3.4 Maces & Flails
 - Level 0.7 Throwing
 - Level 0.7 Armour
 - Level 1.5 Dodging
 - Level 2.6 Spellcasting
   Level 2.4 Translocations


You had 8 spell levels left.
You didn't know any spells.
Your spell library contained the following spells:

 Spells                   Type           Power        Failure   Level  Hunger
 Blink                    Tloc           N/A          95%         2    N/A
 Shroud of Golubria       Chrm/Tloc      #.....       99%         2    N/A
 Gell's Gravitas          Tloc           #.........   99%         3    N/A
 Lesser Beckoning         Tloc           #.........   99%         3    N/A
 Teleport Other           Tloc           #.......     99%         3    N/A
 Passage of Golubria      Tloc           N/A          100%        4    N/A

Skill      XL: |  1  2  3  4 |
---------------+-------------+-----
Maces & Flails | 2 3 |  3.4
Fighting       | 3 |  3.1
Throwing       | |  0.7
Armour         | |  0.7
Dodging        | |  1.5
Spellcasting   | |  2.6
Translocations | |  2.4

Action                   |  1- 3 |  4- 6 || total
-------------------------+-------+-------++-------
Melee: Mace              |    77 |     2 ||    79
       Whip              |    64 |   120 ||   184
  Use: Scroll            |       |     5 ||     5
Armor: Chain mail        |    79 |    92 ||   171
       Leather armour    |    10 |       ||    10
Dodge: Dodged            |    48 |    44 ||    92

Inventory:

Hand Weapons
 a - a +1 vampiric whip
 b - a +0 mace (weapon)
Missiles
 e - 5 boomerangs of dispersal (quivered)
Armour
 c - a +0 chain mail (worn)
 k - a scarf of resistance (worn)
Jewellery
 d - a +3 ring of intelligence (left hand)
Scrolls
 f - a scroll of fog
 n - a scroll of remove curse
 B - a scroll of blinking You were in a sewer. You were not hungry. You visited 1 branch of the dungeon, and saw 3 of its levels. You also visited: Sewer. You collected 131 gold pieces.

Dungeon Overview and Level Annotations

Branches:
Dungeon (3/15)

Altars:

..# ..###
..#≈ ≈≈≈
## ..# ..
..# #≈
##.#
#..###@.#
#..†r†##
#######


You could see a river rat.

Notes
Turn   | Place    | Note
-------+----------+-------------------------------------------
     0 | D:1      | theanonym the Mummy Warper began the quest for the Orb.
     0 | D:1      | Reached XP level 1. HP: 16/16 MP: 4/4
   232 | D:1      | Reached skill level 2 in Maces & Flails
   245 | D:1      | Reached XP level 2. HP: 20/22 MP: 5/5
   809 | D:2      | Reached XP level 3. HP: 26/28 MP: 7/7
   933 | D:2      | Noticed Natasha
   946 | D:2      | HP: 14/28 [Natasha (2)]
   955 | D:2      | HP: 5/28 [Natasha (4)]
   962 | D:2      | HP: 8/28 [white imp/puff of frost[Natasha] (1)]
   963 | D:2      | Killed Natasha
   963 | D:2      | Reached skill level 3 in Maces & Flails
   970 | D:3      | HP: 10/28 [bat (1)]
   973 | D:3      | Reached XP level 4. HP: 15/34 MP: 8/8
  1231 | D:3      | Found a glowing drain.
  1242 | D:3      | Reached skill level 3 in Fighting
  1282 | Sewer    | Entered a sewer
  1386 | Sewer    | HP: 10/35 [sickly merfolk siren/+0 trident (12)]
  1393 | Sewer    | HP: 9/35 [rat (2)]
  1408 | Sewer    | HP: 10/35 [river rat (3)]
  1413 | Sewer    | HP: 3/35 [river rat (2)]
  1417 | Sewer    | Slain by a river rat

Vanquished Creatures
  Natasha (D:2)
  3 adders
  A dart slug (D:1)
  2 leopard geckos
  5 giant cockroaches
  9 goblins
  7 hobgoblins
  2 jackals (D:2)
  A ball python (D:3)
  3 bats
  2 frilled lizards
  5 kobolds
  16 rats
57 creatures vanquished.

Table legend:
 A = Turns spent in this place as a percentage of turns spent in the entire game.
 B = Non-inter-level travel turns spent in this place as a percentage of non-inter-level travel turns spent in the entire game.
 C = Inter-level travel turns spent in this place as a percentage of turns spent in this place.
 D = Turns resting spent in this place as a percentage of non-inter-level travel turns spent in this place.
 E = Turns spent auto-exploring this place as a percentage of non-inter-level travel turns spent in this place.
 F = Non-inter-level travel turns spent in this place divided by the number of levels of this place that you've seen.
                   A       B       C       D       E      F
               +-------+-------+-------+-------+-------+----------------------
         Total | 100.0 | 100.0 |   0.2 |  20.6 |  49.6 | 353.5
       Dungeon |  90.5 |  90.5 |   0.2 |  22.8 |  52.7 | 426.3
         Sewer |   9.5 |   9.5 |   0.0 |   0.0 |  20.7 | 135.0
               +-------+-------+-------+-------+-------+----------------------
